 Dungeon Crawl Stone Soup version 0.17-a0-2002-g92c7e20 (webtiles) character file.

5464 4thArraOfDagon the Grappler (level 10, -1/96 HPs)
             Began as a Troll Summoner on Oct 8, 2015.
             Was an Elder of Cheibriados.
             Slain by an orc warrior
             ... wielding a +0 halberd
              (23 damage)
             ... on level 3 of the Orcish Mines.
             The game lasted 00:19:44 (3465 turns).

4thArraOfDagon the Grappler (Troll Summoner)        Turns: 3465, Time: 00:19:44

Health: -1/96      AC:  9    Str: 28    XL:     10   Next: 41%
Magic:  1/13       EV: 14    Int: 28    God:    Cheibriados [****..]
Gold:   989        SH:  0    Dex: 20    Spells: 2 memorised, 9 levels left

rFire  + . .     SeeInvis .       - Unarmed
rCold  + . .     Clarity  .     B - +1 robe of Weightlessness {*Corrode rElec rF+ rC+}
rNeg   + . .     SustAt   .     (no shield)
rPois  +         Gourm    +     (helmet restricted)
rElec  +         Spirit   .     G - +2 cloak {+Inv}
rCorr  .         Warding  +     (gloves unavailable)
rMut   .         Stasis   .     (boots unavailable)
MR     .....                    m - amulet of warding
Stlth  ++........               s - +4 ring of intelligence
                                y - ring of poison resistance

@: very slow, not resistant to hostile enchantments, unstealthy
A: unfitting armour, claws 3, fast metabolism 3, gourmand, regeneration 2,
shaggy fur 1, tough skin 2
a: Bend Time, Temporal Distortion, Slouch, Renounce Religion, Evoke Invisibility


You were on level 3 of the Orcish Mines.
You worshipped Cheibriados.
Cheibriados was greatly pleased with you.
You were very full.

You visited 2 branches of the dungeon, and saw 15 of its levels.

You collected 989 gold pieces.

Inventory:

Hand Weapons
 E - a +0 giant spiked club
Missiles
 n - 5 javelins
 F - 2 throwing nets (quivered)
 I - 2 curare-tipped needles
Armour
 k - a +2 robe of fire resistance
 B - the +1 robe of Weightlessness (worn) {*Corrode rElec rF+ rC+}
   (You found it on level 8 of the Dungeon)

   It protects you from fire.
   It protects you from cold.
   It insulates you from electricity.
   It may corrode your equipment when you take damage.
 G - a +2 cloak of invisibility (worn)
Jewellery
 m - an amulet of warding (around neck)
 s - a +4 ring of intelligence (right claw)
 y - a ring of poison resistance (left claw)
 C - an uncursed ring of protection from fire
 J - an uncursed ring of wizardry
Wands
 l - a wand of fireball (4)
 r - a wand of disintegration (11)
 u - a wand of confusion (9)
 w - a wand of digging (11)
Scrolls
 a - 2 scrolls of teleportation
 b - 3 scrolls of remove curse
 f - a scroll of noise
 j - a scroll of random uselessness
 t - 2 scrolls of identify
 x - a scroll of amnesia {unknown}
 D - a scroll of recharging {unknown}
 H - 3 scrolls of enchant weapon {unknown}
 K - a scroll of holy word {unknown}
 L - a scroll of torment {unknown}
Potions
 d - a potion of might
 e - a potion of haste {unknown}
 g - a potion of berserk rage {unknown}
 i - a potion of agility {unknown}
 o - 2 potions of brilliance {unknown}
 q - a potion of lignification {unknown}
 v - 5 potions of curing {unknown}
 z - 2 potions of heal wounds {unknown}
 A - a potion of resistance {unknown}
Miscellaneous
 M - a plain deck of defence
Comestibles
 c - 8 bread rations
 h - 3 meat rations
 p - 7 beef jerkies
 N - 3 chunks of flesh


   Skills:
 + Level 5.3 Fighting
 + Level 5.6 Dodging
 - Level 1.1 Stealth
 * Level 9.7 Unarmed Combat
 + Level 1.4 Spellcasting
   Level 2.9 Summonings
 * Level 2.4 Translocations
 + Level 6.2 Invocations


You had 9 spell levels left.
You knew the following spells:

 Your Spells              Type           Power        Failure   Level  Hunger
a - Apportation           Tloc           ###.......   4%          1    #......
b - Animate Skeleton      Necr           N/A          12%         1    #......


Dungeon Overview and Level Annotations

Branches:
Dungeon (11/15)            Temple (0/1) D:6             Orc (4/4) D:10
   Lair: D:8-11         Elf: Orc:3-4

Altars:
Cheibriados
Elyvilon
Fedhas
Kikubaaqudgha
Makhleb
Xom
Yredelemnul

Annotations:
D:2 Sigmund
D:4 4thArraOfDagon's ghost, weakling HOGl
D:9 KAIUR


Innate Abilities, Weirdness & Mutations

You are too large for most types of armour.
You have claws for hands.
Your metabolism is lightning-fast.
You like to eat raw meat.
You heal very quickly.
You are covered in fur (AC +1).
You have very tough skin (AC +2).


Message History

Unknown command.
Unknown command.
Drink which item? (? for menu, Esc to quit)
Okay, then.
Evoke which item? (* to show all) (? for menu, Esc to quit)
Okay, then.
You closely miss the orc warrior. Your claw misses the orc warrior.
The orc warrior is severely wounded.
The orc warrior closely misses you.
Unknown command.
Unknown command.
You closely miss the orc warrior.
The orc warrior is severely wounded.
The orc misses you.
Unknown command.
Unknown command.
You scratch the orc warrior.
The orc warrior is severely wounded.
The orc warrior hits you with a halberd!!
You die...

###.#.## ###......##
##.........#
#..........##
#####.........###
#.......#.......##
###.....#.###......##
#......#####))......#
#........#@o......##
#.......##o.....##
#......#).....##
##......[...###
##<..[..#..#
###....#.## ##...###
##.## #.#


You could see an orc warrior and an orc.

Vanquished Creatures
  Harold (Orc:1)
  A hill giant (D:11)
  2 trolls
  A two-headed ogre (D:9)
  A hippogriff (D:9)
  A wolf (D:9)
  Edmund (D:5)
  A warg (Orc:1)
  2 sky beasts (D:8)
  A phantom (D:9)
  2 orc warriors
  An ice beast (D:7)
  5 ogres
  3 centaurs
  A water moccasin zombie (D:7)
  A giant frog (D:6)
  A water moccasin skeleton (D:5)
  2 jellies
  2 crimson imps (D:9)
  A giant frog zombie (D:5)
  8 orc priests
  5 hounds
  Jessica (D:2)
  15 orc wizards
  8 worker ants
  An iguana (D:6)
  A hound zombie (D:10)
  A mummy (D:6)
  11 adders
  2 shadow imps
  2 adder skeletons
  4 oozes
  2 worms (D:3)
  4 giant geckos
  54 orcs
  A giant cockroach (D:3)
  A goblin (D:1)
  3 hobgoblins (D:2)
  4 kobolds (D:3)
  A quokka (D:3)
  A bat (D:2)
  3 giant newts
  A hobgoblin zombie (D:6)
  2 jackals (D:5)
  3 kobold zombies (D:6)
  4 rats
174 creatures vanquished.

Vanquished Creatures (collateral kills)
  A jelly (D:7)
  3 hounds
  A worker ant (D:7)
  An orc (D:7)
6 creatures vanquished.

Vanquished Creatures (others)
  A deep elf mage (D:10)
  An orc (Orc:4)
  A jackal (D:9)
3 creatures vanquished.

Grand Total: 183 creatures vanquished

Notes
Turn   | Place    | Note
--------------------------------------------------------------
     0 | D:1      | 4thArraOfDagon the Troll Summoner began the quest for the Orb.
     0 | D:1      | Reached XP level 1. HP: 16/16 MP: 1/1
    44 | D:1      | You fall through a shaft!
    44 | D:2      | Found a burning altar of Makhleb.
    77 | D:2      | Reached skill level 1 in Unarmed Combat
   124 | D:2      | You fall through a shaft!
   135 | D:3      | Reached XP level 2. HP: 24/24 MP: 2/2
   177 | D:3      | Found a snail-covered altar of Cheibriados.
   182 | D:3      | Became a worshipper of Cheibriados the Contemplative
   277 | D:3      | Reached XP level 3. HP: 31/31 MP: 3/3
   338 | D:2      | Reached skill level 1 in Invocations
   409 | D:2      | Found a white marble altar of Elyvilon.
   409 | D:2      | Noticed Sigmund
   439 | D:2      | Noticed Jessica
   476 | D:2      | Killed Jessica
   476 | D:2      | Reached skill level 3 in Unarmed Combat
   476 | D:2      | Reached XP level 4. HP: 36/40 MP: 4/4
   563 | D:2      | Reached skill level 1 in Fighting
   600 | D:2      | Learned a level 1 spell: Apportation
   602 | D:2      | Learned a level 1 spell: Animate Skeleton
   615 | D:4      | Noticed a big kobold
   624 | D:4      | Noticed 4thArraOfDagon's ghost (weakling HOGl)
   658 | D:3      | Acquired Cheibriados's first power
   720 | D:5      | Entered Level 5 of the Dungeon
   760 | D:5      | Reached XP level 5. HP: 48/48 MP: 5/5
   808 | D:5      | Reached skill level 1 in Translocations
   816 | D:5      | Noticed Edmund
   830 | D:5      | Killed Edmund
   830 | D:5      | Reached skill level 4 in Unarmed Combat
   830 | D:5      | Reached XP level 6. HP: 20/55 MP: 2/6
  1239 | D:5      | Reached XP level 7. HP: 58/63 MP: 7/7
  1305 | D:6      | Found a staircase to the Ecumenical Temple.
  1582 | D:7      | Reached skill level 5 in Unarmed Combat
  1630 | D:7      | Found a blossoming altar of Fedhas.
  1631 | D:7      | Found an ancient bone altar of Kikubaaqudgha.
  1772 | D:7      | Reached XP level 8. HP: 69/74 MP: 9/9
  1862 | D:8      | Found a shimmering altar of Xom.
  1870 | D:8      | Got an ominously black robe
  1881 | D:8      | Identified the cursed +1 robe of Weightlessness {*Corrode rElec rF+ rC+} (You found it on level 8 of the Dungeon)
  1939 | D:8      | Acquired Cheibriados's second power
  1982 | D:8      | Reached skill level 6 in Unarmed Combat
  2245 | D:9      | Reached skill level 7 in Unarmed Combat
  2287 | D:9      | Noticed a two-headed ogre
  2298 | D:9      | Killed a two-headed ogre
  2298 | D:9      | Reached XP level 9. HP: 53/84 MP: 11/11
  2306 | D:9      | Noticed a troll
  2340 | D:9      | Acquired Cheibriados's third power
  2379 | D:9      | Found a basalt altar of Yredelemnul.
  2421 | D:10     | Entered Level 10 of the Dungeon
  2459 | D:10     | Reached skill level 5 in Invocations
  2546 | D:10     | Reached skill level 8 in Unarmed Combat
  2612 | D:10     | Found a staircase to the Orcish Mines.
  2668 | D:11     | Noticed a hill giant
  2683 | D:11     | Killed a hill giant
  2841 | Orc:1    | Entered Level 1 of the Orcish Mines
  2847 | Orc:1    | Reached skill level 5 in Dodging
  2848 | Orc:1    | Noticed Harold
  2943 | Orc:1    | Killed Harold
  2943 | Orc:1    | Reached skill level 5 in Fighting
  2943 | Orc:1    | Reached skill level 9 in Unarmed Combat
  2943 | Orc:1    | Reached XP level 10. HP: 92/96 MP: 13/13
  3048 | Orc:1    | Acquired Cheibriados's fourth power
  3439 | Orc:4    | Entered Level 4 of the Orcish Mines
  3465 | Orc:3    | Slain by an orc warrior

Vault maps used:
D:1:      minmay_arrival_checkered_box
D:2:      nicolae_overflow_crystal_walls, lightli_temple_of_fire,
          grunt_temple_overflow_diamond, first_bread, kennysheep_doodads,
          uniq_natasha, uniq_jessica, uniq_sigmund
D:3:      tso_oasis_becter, lemuel_crystal_altar, uniq_crazy_yiuf_cottage
D:4:      nicolae_ru_the_path_less_chosen
D:5:      uniq_edmund
D:6:      minmay_temple_entry_mist, serial_shops, nicolae_shop_trees,
          minmay_mini_ossuary
D:7:      grunt_temple_overflow_growth_and_decay, grunt_ogre_cave,
          eino_curves_01
D:8:      kennysheep_orc_sif_temple, st_stairs_13, corexii_corridor_pit,
          lemuel_tele_altar
D:9:      erik_lair_island, basic_altar
D:10:     orc_0_dummy, serial_glass, glass_columns_b, glass_columns_a,
          item_on_display_a, due_unseen_surprise, feat_on_display,
          minmay_strange_pillars
D:11:     nooodl_food_tri
Orc:1:    uniq_harold, uniq_erica
Orc:2:    uniq_rupert
Orc:3:    special_room, nicolae_orc_pool_cavern
Orc:4:    grunt_orc_community_town_hall, grunt_orc_community_big_house_1,
          grunt_orc_community_big_house_1, grunt_orc_community_house_3,
          grunt_orc_community_house_1, grunt_orc_community_house_1,
          grunt_orc_community_house_2, grunt_orc_community_house_3,
          grunt_orc_community_house_2, basic_altar, minmay_orc_temple_b,
          uniq_sonja

Action                   |  1- 3 |  4- 6 |  7- 9 | 10-12 || total
-------------------------+-------+-------+-------+-------++-------
Melee: Unarmed           |    74 |   108 |   256 |   113 ||   551
Throw: Javelin           |       |     2 |    15 |       ||    17
       Throwing net      |       |       |     1 |       ||     1
 Cast: Animate Skeleton  |       |     2 |    10 |     3 ||    15
       Apportation       |       |       |     1 |    24 ||    25
Invok: Bend Time         |       |     1 |     2 |     1 ||     4
       Slouch            |       |       |       |     3 ||     3
Evoke: Wand              |       |       |     1 |       ||     1
  Use: Scroll            |       |     1 |     3 |     2 ||     6
       Potion            |       |     1 |       |       ||     1
 Stab: Sleeping          |     2 |     1 |     1 |       ||     4
       Held in net/web   |       |       |     2 |       ||     2
  Eat: Chunk             |     8 |     7 |    10 |     5 ||    30
